[Event "ICC tourney 2173 (45 10)"]
[Site "Internet Chess Club"]
[Date "2020.12.05"]
[Round "4"]
[White "AbleCompany"]
[Black "bsarvagnya"]
[Result "1-0"]
[ICCResult "Black checkmated"]
[WhiteElo "1570"]
[BlackElo "1273"]
[Opening "QGD: 4.Bg5 Be7"]
[ECO "D53"]
[NIC "QO.13"]
[Time "20:33:52"]
[TimeControl "2700+10"]

1. d4 d5 2. c4 e6 3. Nc3 Nf6 4. Bg5 Be7 5. Nf3 Nc6 6. e3 Bd7 7. Bxf6 Bxf6 8.
cxd5 exd5 9. Nxd5 Bf5 10. Nxf6+ Qxf6 11. Bd3 O-O 12. Bxf5 Qxf5 13. O-O Ne7
14. Rc1 c6 15. Rc5 Qe6 16. Re5 Qd6 17. Qc2 Ng6 18. Rc5 Qe6 19. b3 f6 20. Qc4
Rae8 21. Qxe6+ Rxe6 22. Rfc1 Ne7 23. b4 Nd5 24. b5 Nb4 25. Rb1 Nd5 26. bxc6
bxc6 27. Rb7 Rf7 28. Rb8+ Rf8 29. Rxf8+ Kxf8 30. Nd2 Ke7 31. Ra5 Kf7 32.
Rxa7+ Kg6 33. a4 Re8 34. a5 Nc3 35. a6 Nb5 36. Rb7 Ra8 37. Rb6 Nc7 38. Rxc6
Nxa6 39. h3 Nb4 40. Rc3 Nd5 41. Rc5 Nb4 42. g4 Nd3 43. Rc3 Ra1+ 44. Kg2 Nb4
45. h4 Nd5 46. Rc5 Ne7 47. h5+ Kh6 48. Nf3 Ra6 49. Nh4 Ra7 50. f4 g6 51.
hxg6 hxg6 52. Nf3 Kg7 53. g5 fxg5 54. Nxg5 Ra2+ 55. Kf3 Nf5 56. Rc7+ Kg8 57.
Rc8+ Kg7 58. Rc3 Nh4+ 59. Ke4 Nf5 60. Ke5 Ra1 61. e4 Ra5+ 62. Rc5 Rxc5+ 63.
dxc5 Ne7 64. Kd6 Nc8+ 65. Kd7 Na7 66. c6 Nxc6 67. Kxc6 Kf6 68. Kd6 Kg7 69.
Ke6 Kh8 70. Kd7 Kg8 71. e5 Kg7 72. e6 Kf6 73. e7 Kf5 74. e8=Q Kxf4 75. Qxg6
Ke3 76. Qe4+ Kd2 77. Qf3 Kc1 78. Qe2 Kb1 79. Ne4 Ka1 80. Nf2 Kb1 81. Nd3 Ka1
82. Qb2# {Black checkmated} 1-0

[Event "ICC tourney 2173 (45 10)"]
[Site "Internet Chess Club"]
[Date "2020.12.05"]
[Round "4"]
[White "keshavarzip"]
[Black "byumitchell"]
[Result "0-1"]
[ICCResult "White checkmated"]
[WhiteElo "1396"]
[BlackElo "1484"]
[Opening "Giuoco Piano"]
[ECO "C54"]
[NIC "IG.02"]
[Time "20:33:06"]
[TimeControl "2700+10"]

1. e4 e5 2. Nf3 Nc6 3. Bc4 Bc5 4. c3 Nf6 5. d4 exd4 6. cxd4 Bb4+ 7. Bd2
Bxd2+ 8. Nbxd2 O-O 9. O-O d6 10. h3 Bd7 11. e5 Ne8 12. Ne4 dxe5 13. dxe5 Qe7
14. Re1 Rd8 15. Qe2 Nxe5 16. Nxe5 Qxe5 17. Bd3 Nf6 18. Qc2 Nxe4 19. Rxe4 Qh5
20. Rae1 Bc6 21. Re5 Qh6 22. Ra5 Rfe8 23. Rae5 Rxe5 24. Rxe5 Qh4 25. Qe2 g6
26. Re7 Qg5 27. f3 Rxd3 28. Qxd3 Qxe7 29. Kf2 Qc5+ 30. Kg3 Qg5+ 31. Kf2 Qh4+
32. Kg1 Qg5 33. Qc3 h5 34. b3 Qd5 35. Qf6 Qd1+ 36. Kf2 Qd2+ 37. Kg1 Qe3+ 38.
Kf1 Bb5# {White checkmated} 0-1

[Event "ICC tourney 2173 (45 10)"]
[Site "Internet Chess Club"]
[Date "2020.12.05"]
[Round "4"]
[White "ethansun188"]
[Black "coolkidh"]
[Result "1/2-1/2"]
[ICCResult "Game drawn by repetition"]
[WhiteElo "1173"]
[BlackElo "1110"]
[Opening "Philidor's defense"]
[ECO "C41"]
[NIC "KP.10"]
[Time "20:33:07"]
[TimeControl "2700+10"]

1. e4 e5 2. Nf3 d6 3. Bc4 h6 4. Nc3 Nf6 5. d4 exd4 6. Nxd4 Qe7 7. O-O g6 8.
Nd5 Qd8 9. Nb5 Na6 10. Qf3 Bg7 11. e5 dxe5 12. Re1 Nxd5 13. Bxd5 O-O 14.
Bxb7 Rb8 15. Bxc8 Qxc8 16. Nxa7 Qe8 17. Nc6 Rb5 18. Nd4 Rc5 19. Qa3 Qa8 20.
Ne2 Rxc2 21. Be3 Qb7 22. Rab1 Rd8 23. b4 Rc4 24. b5 Nb8 25. Qb3 Rg4 26. Ng3
Qd5 27. Red1 Rd4 28. Bxd4 exd4 29. Qxd5 Rxd5 30. a4 Kh7 31. Rd3 Rc5 32. Ne2
Rc4 33. a5 Ra4 34. b6 c5 35. b7 Rxa5 36. Rdd1 Be5 37. f4 Bc7 38. g3 Ra3 39.
Nc1 Kg7 40. Nb3 Bd6 41. Nd2 Ra4 42. Ne4 Ra6 43. Rb5 h5 44. Nxd6 Rxd6 45.
Rxc5 Rb6 46. Rxd4 Rxb7 47. Re5 Nc6 48. Red5 Nxd4 49. Rxd4 Re7 50. Kf2 f6 51.
Kf3 Rf7 52. Rd6 g5 53. f5 Re7 54. h3 Re5 55. g4 hxg4+ 56. hxg4 Re7 57. Rd3
Kf7 58. Rc3 Rd7 59. Re3 Rd4 60. Ra3 Rf4+ 61. Kg3 Re4 62. Ra7+ Re7 63. Ra3
Rc7 64. Re3 Re7 65. Rc3 Rd7 66. Rb3 Ke7 67. Kf3 Rc7 68. Re3+ Kf7 69. Rd3 Re7
70. Rb3 Rc7 71. Re3 Rd7 72. Rc3 Re7 73. Rb3 Rd7 74. Rc3 Ra7 75. Rb3 Re7 76.
Ra3 Rc7 77. Rd3 Ke7 78. Re3+ Kf7 79. Rb3 Kg7 80. Rd3 Re7 81. Rb3 Kf7 82. Rd3
Rc7 83. Rb3 Re7 84. Rc3 Rd7 85. Rb3 Re7 86. Ra3 Rd7 87. Rb3 Rc7 88. Rd3 Re7
89. Rb3 Rc7 90. Ra3 Rd7 91. Rc3 Re7 92. Rb3 Rc7 93. Ra3 Rd7 94. Rb3 Rc7 95.
Rd3 Re7 96. Rb3 Rc7 97. Ra3 Rb7 98. Rc3 Rd7 99. Rb3 Rc7 100. Rd3 Re7 101.
Rb3 Rc7 102. Ra3 Rb7 103. Rd3 Re7 104. Rc3 Rd7 105. Rb3 Rc7 106. Ra3 Rb7
107. Rd3 Re7 108. Rc3 Rd7 109. Rb3 Rc7 110. Rd3 Re7 111. Rc3 Rd7 112. Ra3
Rb7 113. Rc3 Rd7 114. Rb3 Rc7 115. Ra3 Rb7 116. Rd3 Re7 117. Rc3 Rd7 118.
Rb3 Rc7 119. Ra3 Rb7 120. Rc3 Rd7 121. Rb3 Rc7 122. Ra3 Re7 123. Rd3 Ra7
124. Rc3 Rd7 125. Rb3 Rc7 126. Ra3 Re7 127. Rb3 Ra7 128. Rc3 Rd7 129. Rb3
Re7 130. Ra3 Rd7 131. Rb3 Rc7 132. Rd3 Re7 133. Rb3 Rd7 134. Rc3 Re7 135.
Rb3 Rd7 136. Rc3 Re7 137. Rb3 Rd7 138. Rc3 Re7 139. Rb3 Rc7 140. Rd3 Re7
141. Rc3 Rb7 142. Rd3 Re7 143. Ra3 Rd7 144. Rb3 Rc7 145. Rd3 Rb7 146. Rc3
Ra7 147. Rb3 Re7 148. Rd3 Rb7 149. Rc3 Rd7 150. Rb3 Rc7 151. Ra3 Rb7 152.
Rc3 Ra7 153. Rd3 Re7 154. Rb3 {Game drawn by repetition} 1/2-1/2

[Event "ICC tourney 2173 (45 10)"]
[Site "Internet Chess Club"]
[Date "2020.12.05"]
[Round "5"]
[White "chessorca"]
[Black "hi987"]
[Result "0-1"]
[ICCResult "White checkmated"]
[WhiteElo "1345"]
[BlackElo "1626"]
[Opening "Sicilian: dragon, 6.Be3"]
[ECO "B72"]
[NIC "SI.16"]
[Time "23:01:37"]
[TimeControl "2700+10"]

1. e4 c5 2. Nf3 d6 3. d4 cxd4 4. Nxd4 Nf6 5. Nc3 g6 6. Be3 Bg7 7. Qd2 Ng4 8.
O-O-O Nxe3 9. Qxe3 O-O 10. f4 Nc6 11. Nxc6 bxc6 12. Bc4 Qa5 13. Ne2 Rb8 14.
c3 Be6 15. Bxe6 fxe6 16. Kb1 c5 17. h4 Qb5 18. Rd2 Rb6 19. h5 Rfb8 20. hxg6
hxg6 21. Qh3 Qa4 22. Qxe6+ Kf8 23. e5 Qe4+ 24. Kc1 dxe5 25. Rd7 Rxe6 26. Re1
exf4 27. Rd2 Qe3 28. Kc2 Rxb2+ 29. Kxb2 Qxd2+ 30. Kb3 Rb6+ 31. Kc4 Qxe1 32.
Nxf4 Qe4+ 33. Kxc5 Qc6# {White checkmated} 0-1

[Event "ICC tourney 2173 (45 10)"]
[Site "Internet Chess Club"]
[Date "2020.12.05"]
[Round "5"]
[White "trucker"]
[Black "AbleCompany"]
[Result "1-0"]
[ICCResult "Black resigns"]
[WhiteElo "1620"]
[BlackElo "1541"]
[Opening "French: Swiss variation"]
[ECO "C11"]
[NIC "FR.04"]
[Time "23:01:35"]
[TimeControl "2700+10"]

1. e4 e6 2. d4 d5 3. Nc3 Nf6 4. Bd3 dxe4 5. Nxe4 Nbd7 6. Nxf6+ Nxf6 7. Nf3
c5 8. Bg5 cxd4 9. O-O Be7 10. Nxd4 O-O 11. c3 h6 12. Bh4 e5 13. Nf5 Bc5 14.
Qf3 Bxf5 15. Qxf5 g5 16. Bg3 e4 17. Bc4 Qe7 18. Be5 Kg7 19. Bxf6+ Qxf6 20.
Qxc5 {Black resigns} 1-0

[Event "ICC tourney 2173 (45 10)"]
[Site "Internet Chess Club"]
[Date "2020.12.05"]
[Round "5"]
[White "ChalsparoV"]
[Black "Eagle2020"]
[Result "1/2-1/2"]
[ICCResult "Game drawn by mutual agreement"]
[WhiteElo "1560"]
[BlackElo "1507"]
[Opening "Queen's pawn"]
[ECO "A40"]
[NIC "QO.17"]
[Time "23:01:40"]
[TimeControl "2700+10"]

1. d4 e6 2. Nf3 d5 3. Bf4 Nf6 4. e3 Bd7 5. Nbd2 c5 6. c3 Nc6 7. Bd3 Qb6 8.
Rb1 cxd4 9. exd4 h6 10. h3 Ne7 11. Qb3 Qxb3 12. axb3 Ng6 13. Bh2 Be7 14. O-O
Nf8 15. Ne5 Bc6 16. Ra1 N8d7 17. Ndf3 O-O 18. Nxc6 bxc6 19. b4 Nb6 20. Ba6
Rad8 {Game drawn by mutual agreement} 1/2-1/2

[Event "ICC tourney 2173 (45 10)"]
[Site "Internet Chess Club"]
[Date "2020.12.05"]
[Round "5"]
[White "wildrumpus"]
[Black "akshajp"]
[Result "1-0"]
[ICCResult "Black resigns"]
[WhiteElo "1545"]
[BlackElo "1393"]
[Opening "Queen's pawn game"]
[ECO "D00"]
[NIC "QP.08"]
[Time "23:01:33"]
[TimeControl "2700+10"]

1. d4 d5 2. e3 e6 3. Bd3 Nf6 4. Nd2 c5 5. c3 Nc6 6. f4 Be7 7. Ngf3 c4 8. Bc2
Ng4 9. Qe2 Nf6 10. O-O O-O 11. Ne5 Bd7 12. g4 Nxe5 13. fxe5 Ne8 14. Rf3 f6
15. Rh3 f5 16. gxf5 exf5 17. Qh5 h6 18. Rg3 Bh4 19. Rg2 Bg5 20. Nf3 Be7 21.
Qxh6 Qb6 22. Rg6 Qc7 23. Ng5 Bxg5 24. Qxg5 Qd8 25. Qh5 Qe7 26. e4 fxe4 27.
Bg5 Qf7 28. Bf6 Qe6 29. Bxg7 Qg4+ 30. Rxg4 Bxg4 {Black resigns} 1-0

[Event "ICC tourney 2173 (45 10)"]
[Site "Internet Chess Club"]
[Date "2020.12.05"]
[Round "5"]
[White "Hamlett144"]
[Black "jayrag"]
[Result "0-1"]
[ICCResult "White resigns"]
[WhiteElo "1500"]
[BlackElo "1447"]
[Opening "Evans gambit: 5...Be7"]
[ECO "C51"]
[NIC "IG.05"]
[Time "23:01:51"]
[TimeControl "2700+10"]

1. e4 e5 2. Nf3 Nc6 3. Bc4 Bc5 4. b4 Bxb4 5. c3 Be7 6. d4 d6 7. O-O Bg4 8.
d5 Nb8 9. Be2 Nf6 10. h3 Bh5 11. Nbd2 Nbd7 12. a4 O-O 13. Nh2 Bg6 14. Bd3
Nc5 15. Bb1 Ncxe4 16. Nxe4 Nxe4 17. Ra3 Nxf2 18. Rxf2 Bxb1 19. Rb3 Be4 20.
c4 b6 21. g3 Qd7 22. Re3 Bg6 23. g4 Bg5 24. Rg3 Bxc1 25. Qxc1 Qxa4 26. h4
Qb4 27. h5 Qb1 28. Qxb1 Bxb1 29. Rb2 Be4 30. Re3 f5 31. gxf5 Bxf5 32. Rg3 a5
33. Rbg2 Rf7 34. Nf3 Be4 35. h6 g6 {White resigns} 0-1

[Event "ICC tourney 2173 (45 10)"]
[Site "Internet Chess Club"]
[Date "2020.12.05"]
[Round "5"]
[White "Davide25"]
[Black "aChessRookie"]
[Result "1-0"]
[ICCResult "Black resigns"]
[WhiteElo "1398"]
[BlackElo "1194"]
[Opening "Grünfeld with e3 & Bd3"]
[ECO "D94"]
[NIC "GI.09"]
[Time "23:01:54"]
[TimeControl "2700+10"]

1. d4 Nf6 2. Nf3 g6 3. c4 Bg7 4. Nc3 d5 5. e3 O-O 6. Bd3 Nc6 7. O-O Bg4 8.
h3 Bxf3 9. Qxf3 dxc4 10. Bxc4 e6 11. Rd1 Qe7 12. Bb5 Qd6 13. Bxc6 bxc6 14.
Bd2 Rab8 15. b3 Nd5 16. Na4 e5 17. dxe5 Bxe5 18. Rac1 Nb4 19. Bxb4 Qxb4 20.
Qxc6 Rfd8 21. Qc5 Qxc5 22. Nxc5 Rd6 23. Rxd6 Bxd6 24. Kf1 f5 25. Ke2 Kf7 26.
f3 Ke7 27. e4 f4 28. Nd3 Kd7 29. Rc4 g5 30. Ra4 Rb7 31. Ra5 h6 32. Nc5+ Bxc5
33. Rxc5 Kd6 34. Rf5 Ke7 35. h4 c6 36. hxg5 Rb5 37. Rxb5 cxb5 38. gxh6 Kf7
39. Kd3 Kg6 40. Kd4 Kxh6 41. Kd5 Kg6 42. e5 Kf7 43. Kd6 Ke8 44. Ke6 a5 45.
Kf5 Kf7 46. Kxf4 Ke6 47. Ke4 a4 48. bxa4 bxa4 49. a3 {Black resigns} 1-0

[Event "ICC tourney 2173 (45 10)"]
[Site "Internet Chess Club"]
[Date "2020.12.05"]
[Round "5"]
[White "M6northrup"]
[Black "Liopleuradon15"]
[Result "1-0"]
[ICCResult "Black resigns"]
[WhiteElo "1631"]
[BlackElo "1464"]
[Opening "Two knights defense"]
[ECO "C59"]
[NIC "KP.01"]
[Time "23:01:38"]
[TimeControl "2700+10"]

1. e4 e5 2. Nf3 Nc6 3. Bc4 Nf6 4. Ng5 d5 5. exd5 Na5 6. Bb5+ c6 7. dxc6 bxc6
8. Be2 Bc5 9. d3 h6 10. Nf3 O-O 11. Nc3 Bg4 12. O-O Nb7 13. Nxe5 Bxe2 14.
Nxe2 Rc8 15. Nf3 Re8 16. Nc3 Nd6 17. Bf4 Nf5 18. h3 Nh5 19. Bh2 Nhg3 20.
Bxg3 Nxg3 21. Re1 Rxe1+ 22. Qxe1 Qd6 23. Ne4 Nxe4 24. Qxe4 Qf6 25. c3 Bd6
26. Re1 Rc7 27. d4 Re7 28. Qd3 Rxe1+ 29. Nxe1 Qf4 30. Qg3 Qf6 31. Qf3 Qg6
32. Nd3 Qe6 33. Kf1 Qxa2 34. Qxc6 Qb1+ 35. Ne1 Qxb2 36. Qxd6 Qxc3 37. Qb8+
Kh7 38. Qxa7 Qc4+ 39. Kg1 Qc1 40. Qe7 Qd1 41. Qe3 Kg8 42. Kf1 Qa1 43. d5
Qa6+ 44. Qd3 Qd6 45. Nf3 Kf8 46. g3 Ke7 47. Kg2 Kd7 48. Qb5+ Ke7 49. Qc6 f6
50. Qxd6+ Kxd6 51. Nh4 Kxd5 52. Ng6 Ke6 53. Kf3 Kf7 54. Nf4 g5 55. Nh5 Kg6
56. g4 f5 57. gxf5+ Kxf5 58. Ng3+ Kf6 59. Ke4 Kg6 60. Ke5 h5 61. Nf5 g4 62.
h4 Kf7 63. Ng3 Kg6 64. Ke6 Kg7 65. Kf5 Kh6 66. Kf6 Kh7 67. Kg5 Kg7 68. Kxh5
{Black resigns}
1-0

[Event "ICC tourney 2173 (45 10)"]
[Site "Internet Chess Club"]
[Date "2020.12.05"]
[Round "5"]
[White "Leowang"]
[Black "colinweitx"]
[Result "1-0"]
[ICCResult "Black resigns"]
[WhiteElo "1150"]
[BlackElo "1524"]
[Opening "Nimzo-Indian: Sämisch variation"]
[ECO "E27"]
[NIC "NI.18"]
[Time "23:01:36"]
[TimeControl "2700+10"]

1. d4 e6 2. c4 Nf6 3. Nc3 Bb4 4. a3 Bxc3+ 5. bxc3 O-O 6. Nf3 d5 7. Bg5 b6 8.
e3 c5 9. Bd3 Ba6 10. cxd5 Bxd3 11. Qxd3 exd5 12. O-O c4 13. Qc2 Nbd7 14.
Rad1 Qc7 15. Bf4 Qc6 16. Ne5 Nxe5 17. Bxe5 Nd7 18. Bg3 a5 19. f3 Rfe8 20.
Rfe1 Nf6 21. Bh4 Ra7 22. Bxf6 Qxf6 23. Re2 Rae7 24. Rde1 Qd6 25. a4 Qc6 26.
e4 Qg6 27. e5 Qxc2 28. Rxc2 f6 29. f4 Kf7 30. Rb1 Rb7 31. Rcb2 Reb8 32. Rb5
Ke6 33. g4 fxe5 34. fxe5 g6 35. Kg2 h5 36. h3 h4 37. Rf1 Rf7 38. Rxf7 Kxf7
39. Rxd5 b5 40. Rxb5 Rxb5 41. axb5 a4 42. b6 a3 43. b7 a2 44. b8=Q a1=Q 45.
Qc7+ Ke8 46. Qc6+ Kd8 47. Qxc4 Qb2+ 48. Kf3 Qb7+ 49. Kf4 Qb2 50. Qd5+ Kc8
51. Qf3 Qd2+ 52. Qe3 Qh2+ 53. Kg5 Qg3 54. Qf4 Qxh3 55. e6 Qxc3 56. Kxh4 Qe1+
57. Kg5 Qxe6 58. Qf8+ Kd7 59. Qg7+ Kd8 60. Qf6+ {Black resigns} 1-0

[Event "ICC tourney 2173 (45 10)"]
[Site "Internet Chess Club"]
[Date "2020.12.05"]
[Round "5"]
[White "bsarvagnya"]
[Black "Pathon"]
[Result "0-1"]
[ICCResult "White checkmated"]
[WhiteElo "1275"]
[BlackElo "1583"]
[Opening "Sicilian: dragon variation"]
[ECO "B70"]
[NIC "SI.15"]
[Time "23:01:59"]
[TimeControl "2700+10"]

1. e4 c5 2. Nf3 d6 3. d4 cxd4 4. Nxd4 Nf6 5. Nc3 g6 6. Bc4 Bg7 7. h3 Nc6 8.
Be3 O-O 9. Qd2 Bd7 10. O-O Rc8 11. Be2 Ne5 12. Nf3 Nc4 13. Bxc4 Rxc4 14. Qd3
Rc8 15. Rad1 Qc7 16. Bg5 Rfd8 17. Rfe1 Qb6 18. Nd5 Nxd5 19. exd5 Qxb2 20.
Bxe7 Bf5 21. Qb3 Rd7 22. Qxb2 Bxb2 23. Nd4 Bxd4 24. Rxd4 Re8 25. g4 Bxc2 26.
Rd2 Rdxe7 27. Rxe7 Rxe7 28. Rxc2 Kg7 29. g5 Re5 30. f4 Rxd5 31. Rc7 Rb5 32.
Kf2 Rb2+ 33. Kf3 d5 34. h4 Rxa2 35. Rxb7 d4 36. Ke4 Ra4 37. Re7 d3+ 38. Kxd3
Rxf4 39. Rxa7 Rxh4 40. Ke3 Rg4 41. Ra5 h6 42. gxh6+ Kxh6 43. Kf3 Rg5 44. Ra7
Rf5+ 45. Kg4 Kg7 46. Kh4 Re5 47. Kg4 Kf6 48. Kf4 g5+ 49. Kg4 Kg6 50. Ra6+ f6
51. Ra8 Re4+ 52. Kg3 Kf5 53. Kf3 g4+ 54. Kg3 Re3+ 55. Kf2 Kf4 56. Rf8 Rf3+
57. Kg2 f5 58. Ra8 Re3 59. Ra4+ Re4 60. Ra2 g3 61. Kh3 Re1 62. Ra4+ Kf3 63.
Ra3+ Re3 64. Rxe3+ Kxe3 65. Kxg3 f4+ 66. Kg2 Ke2 67. Kg1 f3 68. Kh2 f2 69.
Kh1 f1=Q+ 70. Kh2 Qf4+ 71. Kg2 Ke3 72. Kh1 Qg4 73. Kh2 Kf2 74. Kh1 Qh4#
{White checkmated}
0-1

[Event "ICC tourney 2173 (45 10)"]
[Site "Internet Chess Club"]
[Date "2020.12.05"]
[Round "5"]
[White "ElijahL2020"]
[Black "Mannansh"]
[Result "0-1"]
[ICCResult "White resigns"]
[WhiteElo "1293"]
[BlackElo "1275"]
[Opening "Scandinavian defense"]
[ECO "B01"]
[NIC "SD.03"]
[Time "23:01:39"]
[TimeControl "2700+10"]

1. e4 d5 2. exd5 Nf6 3. d4 Bg4 4. Nf3 Nxd5 5. c4 Nb6 6. Be3 g6 7. Nc3 Bg7 8.
h3 Bf5 9. Bd3 Qd7 10. b3 c5 11. Bxf5 Qxf5 12. Qd2 cxd4 13. Nxd4 Bxd4 14.
Bxd4 Qe6+ 15. Qe3 Qxe3+ 16. Bxe3 Nc6 17. O-O O-O-O 18. Bxb6 axb6 19. Rfd1
Nd4 20. Nd5 e6 21. Nxb6+ Kc7 22. Na4 Nc2 23. Rxd8 Rxd8 24. Rc1 Rd2 25. Nc3
Nb4 26. Nb5+ Kc6 27. a3 Nd3 28. Rf1 Kc5 29. Nc3 f5 30. Rd1 Rxd1+ 31. Nxd1
Nc1 32. Kf1 Nxb3 33. Ke2 Kxc4 34. Ke3 e5 35. Nb2+ Kc3 36. Nd3 e4 37. Nb4 Nc5
38. Nd5+ Kb3 39. Nf6 Kxa3 40. Nxh7 b5 41. Nf6 b4 42. Nd5 b3 43. Kd2 Nd3 44.
f3 Nb4 45. Nc3 Na2 46. Nd1 Nb4 47. fxe4 fxe4 48. Ke3 Ka2 49. Kxe4 Kb1 50.
Nc3+ Kb2 51. Na4+ Ka3 52. Nc3 b2 53. Nb1+ Kb3 54. Ke3 Nc2+ 55. Kd2 Na3 56.
Nc3 Nb5 57. Nb1 Ka2 {White resigns} 0-1

[Event "ICC tourney 2173 (45 10)"]
[Site "Internet Chess Club"]
[Date "2020.12.05"]
[Round "5"]
[White "coolkidh"]
[Black "smartgoldfish"]
[Result "0-1"]
[ICCResult "White resigns"]
[WhiteElo "1054"]
[BlackElo "1185"]
[Opening "QGD Slav defense"]
[ECO "D13"]
[NIC "SL.01"]
[Time "23:01:31"]
[TimeControl "2700+10"]

1. d4 d5 2. c4 c6 3. Nc3 Nf6 4. cxd5 cxd5 5. Nf3 Bf5 6. Bf4 e6 7. e3 Bd6 8.
Bg3 O-O 9. Bd3 Ne4 10. Qc2 Nc6 11. a3 Qa5 12. Bxd6 Nxd6 13. O-O Qd8 14. Rfe1
Qf6 15. Rac1 Rfe8 16. b4 a6 17. Na4 Rac8 18. Qb1 Be4 19. Bxe4 Nxe4 20. Qb2
Ne7 21. Nb6 Rc6 22. Nd7 Qf5 23. Nfe5 Rcc8 24. Nb6 Rxc1 25. Rxc1 Qh5 26. h3
Rb8 27. Rc7 Qd1+ 28. Kh2 Nf5 29. Rxf7 Nd2 30. Nbd7 Nf1+ 31. Kh1 N1g3+
{White resigns}
0-1

[Event "ICC tourney 2173 (45 10)"]
[Site "Internet Chess Club"]
[Date "2020.12.05"]
[Round "5"]
[White "byumitchell"]
[Black "SunnyCountry"]
[Result "1/2-1/2"]
[ICCResult "Game drawn because neither player has mating material"]
[WhiteElo "1465"]
[BlackElo "1342"]
[Opening "Sicilian: Najdorf, Lipnitzky attack"]
[ECO "B86"]
[NIC "SI.13"]
[Time "23:01:42"]
[TimeControl "2700+10"]

1. e4 c5 2. Nf3 d6 3. d4 cxd4 4. Nxd4 Nf6 5. Nc3 a6 6. Bc4 e6 7. Be3 b5 8.
Bb3 Bb7 9. f3 Nc6 10. Qd2 Qc7 11. a3 Rc8 12. h3 Be7 13. O-O-O Ne5 14. Qe2
Nfd7 15. f4 Nc4 16. Bxc4 Qxc4 17. Qxc4 Rxc4 18. Nce2 e5 19. fxe5 dxe5 20.
Nf3 Rxe4 21. Rd3 Rc4 22. Rd2 Nc5 23. Bxc5 Rxc5 24. Kb1 f6 25. Rhd1 Rc7 26.
Nc3 Bxf3 27. gxf3 O-O 28. Nd5 Rb7 29. Rd3 Bc5 30. c3 h6 31. Ka2 Kh7 32. b4
Ba7 33. R1d2 Re8 34. Rd1 e4 35. fxe4 Rxe4 36. h4 Rxh4 37. Nxf6+ gxf6 38.
Rd7+ Rxd7 39. Rxd7+ Kg6 40. Rxa7 Re4 41. Rxa6 h5 42. Ra8 h4 43. Rh8 f5 44.
Kb3 Kg5 45. a4 bxa4+ 46. Kxa4 Kg4 47. Rg8+ Kf3 48. Ka5 h3 49. Rh8 Kg2 50.
Rg8+ Kf2 51. Rh8 Re3 52. b5 Rxc3 53. b6 Kg3 54. b7 Rb3 55. b8=Q+ Rxb8 56.
Rxb8 h2 57. Rg8+ Kf2 58. Rh8 Kg3 59. Rg8+ Kh4 60. Kb4 Kh5 61. Rh8+ Kg4 62.
Rxh2 f4 63. Rg2+ Kf3 64. Ra2 Kg3 65. Ra3+ f3 66. Kc4 Kg2 67. Ra8 f2 68. Rg8+
Kh2 69. Rf8 Kg2 70. Rg8+ Kh2 71. Rf8 Kg2 72. Kd4 f1=Q 73. Rxf1 Kxf1
{Game drawn because neither player has mating material}
1/2-1/2

[Event "ICC tourney 2173 (45 10)"]
[Site "Internet Chess Club"]
[Date "2020.12.05"]
[Round "5"]
[White "Paladin51"]
[Black "tedwpnw"]
[Result "0-1"]
[ICCResult "White checkmated"]
[WhiteElo "1572"]
[BlackElo "1254"]
[Opening "King's Indian: East Indian defense"]
[ECO "A48"]
[NIC "QP.06"]
[Time "23:01:34"]
[TimeControl "2700+10"]

1. d4 Nf6 2. Nf3 g6 3. Nbd2 Bg7 4. e4 d6 5. h3 e5 6. c3 Qe7 7. Bd3 O-O 8.
O-O Be6 9. Re1 Bd7 10. Qb3 Nc6 11. Qxb7 Rab8 12. Qa6 Rb6 13. Qa3 Rbb8 14. d5
Nd8 15. Qxa7 Nb7 16. Qe3 Ne8 17. Nh2 Nc5 18. b4 Nxd3 19. Qxd3 f5 20. f3 Qh4
21. Qe2 f4 22. Qf2 Qg5 23. Kh1 Bf6 24. a4 Ng7 25. Ndf1 Nh5 26. Ng4 Bxg4 27.
hxg4 Ng7 28. Nh2 Qh6 29. g3 Bg5 30. Kg2 fxg3 31. Qxg3 Bxc1 32. Raxc1 Qd2+
33. Qf2 Qg5 34. Qe3 Qf6 35. g5 Qe7 36. Ng4 Nh5 37. Rh1 Rf4 38. Rxh5 gxh5 39.
Nf6+ Kh8 40. Rh1 h4 41. Qf2 Qg7 42. Rxh4 Rxf6 43. Qg3 Rg8 44. Rg4 Rg6 45. b5
Rxg5 46. Rxg5 Qxg5 47. Qxg5 Rxg5+ 48. Kh3 Rg8 49. a5 Ra8 50. a6 Kg7 51. Kg4
Kg6 52. f4 exf4 53. Kxf4 Kf6 54. c4 h5 55. c5 dxc5 56. e5+ Ke7 57. Kg5 c4
58. Kf4 h4 59. Ke4 c3 60. Kd3 h3 61. Kxc3 h2 62. Kc4 h1=Q 63. Kc5 Qc1+ 64.
Kd4 Qb2+ 65. Kc5 Qc3# {White checkmated} 0-1

[Event "ICC tourney 2173 (45 10)"]
[Site "Internet Chess Club"]
[Date "2020.12.05"]
[Round "5"]
[White "nnrs"]
[Black "ShanksGames"]
[Result "0-1"]
[ICCResult "White checkmated"]
[WhiteElo "1557"]
[BlackElo "1610"]
[Opening "French: advance, Milner-Barry gambit"]
[ECO "C02"]
[NIC "FR.03"]
[Time "23:01:31"]
[TimeControl "2700+10"]

1. e4 e6 2. d4 d5 3. e5 c5 4. c3 Nc6 5. Nf3 Qb6 6. Bd3 cxd4 7. cxd4 Nb4 8.
Be2 Bd7 9. a3 Nc6 10. O-O Nge7 11. Nc3 Nf5 12. Na4 Qd8 13. Bg5 Be7 14. Bxe7
Qxe7 15. Kh1 O-O 16. g4 Nh4 17. Nxh4 Qxh4 18. Nc5 Bc8 19. Bb5 Ne7 20. f4 b6
21. Na4 f6 22. Rc1 fxe5 23. dxe5 Ng6 24. f5 Nxe5 25. Qd4 Nxg4 26. Rc2 h5 27.
Nc3 Qf6 28. Qd3 Bb7 29. Bd7 d4+ 30. Ne4 exf5 31. Bxf5 Qe5 32. Bh7+ Kxh7 33.
Kg1 Qxe4 34. Qh3 Qe3+ 35. Qxe3 dxe3 36. Rxf8 Rxf8 37. a4 Ba6 38. Rc1 e2 39.
Re1 Rf1+ 40. Kg2 Rxe1 41. b4 Rf1 42. b5 e1=Q 43. bxa6 Qf2+ 44. Kh3 Qxh2#
{White checkmated}
0-1